 Dungeon Crawl Stone Soup version 0.17-a0-1504-gb7d9117 (webtiles) character file.

137 urechis the Cudgeler (level 5, -1/54 HPs)
             Began as an Ogre Gladiator on July 9, 2015.
             Slain by a hobgoblin
             ... wielding a +0 club
             ... led by Robin
              (4 damage)
             ... on level 2 of the Dungeon.
             The game lasted 00:03:21 (1733 turns).

urechis the Cudgeler (Ogre Gladiator)               Turns: 1733, Time: 00:03:21

Health: -1/54      AC:  3    Str: 21    XL:     5   Next: 20%
Magic:  5/5        EV:  9    Int:  7    God:
Gold:   18         SH:  0    Dex: 10    Spells: 0 memorised, 4 levels left

rFire  . . .     SeeInvis .     a - +0 flail
rCold  . . .     Clarity  .     b - +0 robe
rNeg   . . .     SustAt   .     (no shield)
rPois  .         Gourm    .     c - +0 hat
rElec  .         Spirit   .     (no cloak)
rCorr  .         Warding  .     (gloves unavailable)
rMut   .         Stasis   .     (boots unavailable)
MR     .....                    (no amulet)
Stlth  +.........               (no ring)
                                (no ring)

@: heavily drained, not resistant to hostile enchantments, very unstealthy
A: unfitting armour, tough skin 1
a: no special abilities


You were on level 2 of the Dungeon.
You were hungry.

You visited 1 branch of the dungeon, and saw 2 of its levels.

You collected 18 gold pieces.

Inventory:

Hand weapons
 a - a +0 flail (weapon)
Missiles
 e - 3 throwing nets (quivered)
Armour
 b - a +0 robe (worn)
 c - a +0 hat (worn)
 n - a +0 shield
Scrolls
 f - 2 scrolls of enchant weapon {unknown}
 h - 3 scrolls of identify {unknown}
 i - a scroll of magic mapping {unknown}
 l - a scroll of recharging {unknown}
 p - a scroll of fog {unknown}
Potions
 j - a potion of degeneration {unknown}
 m - a potion of heal wounds
Comestibles
 d - 2 bread rations
 g - 2 meat rations
 k - a chunk of flesh
 o - a beef jerky


   Skills:
 + Level 4.2(1.7) Fighting
 * Level 6.7(4.0) Maces & Flails
 - Level 2.1(0.0) Throwing
 - Level 2.6(0.2) Dodging


You had 4 spell levels left.
You didn't know any spells.

Dungeon Overview and Level Annotations

Branches:
Dungeon (2/15)

Altars:
Xom

Annotations:
D:2 Robin


Innate Abilities, Weirdness & Mutations

You are too large for most types of armour.
You have tough skin (AC +1).


Message History

You closely miss the goblin. The goblin hits you but does no damage.
Robin hits you with a mace.
* * * LOW HITPOINT WARNING * * *
You closely miss the goblin. The goblin hits you but does no damage.
Robin closely misses you.
The hobgoblin shouts!
You hit the goblin.
The goblin is severely wounded.
The goblin hits you but does no damage.
Robin roars a battlecry!
The hobgoblin goes into a battle-frenzy!
Robin barely misses you. The goblin barely misses you.
You hit the goblin.
You kill the goblin!
Robin roars a battlecry!
The hobgoblins go into a battle-frenzy!
Robin hits you with a mace!
* * * LOW HITPOINT WARNING * * *
The hobgoblin hits you with a club.
You die...

........#[..... ########.#
.#............###.$[.....#
..............)..........#
.............##.#........#
#............#g##........#
#.##........).# #........#
.... ......).####........#
#.#. ........gg.g........#
..# .#+##...###@##.####.#
..# #..?.###.##g## #†# ..#
##...........# #.# ..#
#....÷......###.# #.#
#.#..........##.# #...
#.#...(....#.##.# # ###
#.#........#)##.#
#..[.....#..#.#
#...)....##)#.######


You could see Robin and 2 hobgoblins.

Vanquished Creatures
  Ijyb (D:2)
  Terence (D:2)
  3 adders
  An ooze (D:1)
  A giant gecko (D:2)
  4 giant cockroaches (D:2)
  5 hobgoblins
  2 jackals (D:1)
  5 bats
  4 giant newts
  12 goblins
  7 kobolds
  A quokka (D:2)
  5 rats
52 creatures vanquished.

Notes
Turn   | Place    | Note
--------------------------------------------------------------
     0 | D:1      | urechis the Ogre Gladiator began the quest for the Orb.
     0 | D:1      | Reached XP level 1. HP: 22/22 MP: 1/1
    47 | D:1      | Found a shimmering altar of Xom.
   221 | D:1      | Reached XP level 2. HP: 11/29 MP: 2/2
   766 | D:1      | Reached skill level 5 in Maces & Flails
   766 | D:1      | Reached XP level 3. HP: 26/37 MP: 3/3
   827 | D:2      | Noticed Ijyb
   829 | D:2      | Noticed Terence
   852 | D:2      | Killed Ijyb
   852 | D:2      | Reached XP level 4. HP: 34/48 MP: 4/4
   865 | D:2      | Killed Terence
   865 | D:2      | Reached skill level 6 in Maces & Flails
  1088 | D:2      | Noticed Robin
  1597 | D:2      | Reached XP level 5. HP: 48/54 MP: 5/5
  1731 | D:2      | HP: 2/54 [Robin/mace (8)]
  1733 | D:2      | Slain by a hobgoblin

Vault maps used:
D:1:      dpeg_arrival_another_circle, xom_teletrap_fun
D:2:      uniq_iyjb, uniq_robin, uniq_terence

Action                   |  1- 3 |  4- 6 || total
-------------------------+-------+-------++-------
Melee: Flail             |    66 |   113 ||   179
  Use: Potion            |     2 |     1 ||     3
  Eat: Chunk             |       |     2 ||     2
